 Dungeon Crawl Stone Soup version 0.31-a0-1101-g9ad1905e61 (webtiles) character file.

Game seed: 5418909241715318606

338 Dirtsage the Changeling (level 6, -2/42 HPs)
             Began as an Octopode Shapeshifter on Dec 1, 2023.
             Slain by an ogre
             ... wielding a +0 giant club
              (19 damage)
             ... on level 4 of the Dungeon.
             The game lasted 00:04:05 (2560 turns).

Dirtsage the Changeling (Octopode Shapeshifter)     Turns: 2560, Time: 00:04:06

Health: -2/42      AC:  1    Str: 13    XL:     6   Next: 55%
Magic:  6/6        EV: 13    Int: 19    God:
Gold:   214        SH:  0    Dex: 13    Spells: 5/5 levels left

rFire   . .          .
                       - Unarmed
rCold   . . .        q - orb {light}
rNeg    . . .        (helmet currently unavailable)
rPois   .            (no amulet)
rElec   .            e - +6 ring of intelligence
rCorr   .            (no ring)
SInv    .            (no ring)
Will    .....        (no ring)
Stlth   +            (no ring)
HPRegen 0.27/turn    (no ring)
MPRegen 0.10/turn    (no ring)
                     (no ring)

%: no passive effects
@: beast-form, glowing
A: beast (slay +2), almost no armour, amphibious, 8 rings, camouflage 1,
gelatinous body 1, (nimble swimmer 1), tentacles
a: Begin Untransformation


You were on level 4 of the Dungeon.
You were a hulking beast.
You visited 1 branch of the dungeon, and saw 4 of its levels.

You collected 214 gold pieces.

Inventory:

Armour
 q - an orb of light (worn)
Magical Staves
 o - a staff of air
Jewellery
 e - a +6 ring of intelligence (left tentacle)
Talismans
 b - a beast talisman
 c - a flux talisman
Wands
 h - a wand of iceblast (13)
 y - a wand of flame (16)
Scrolls
 d - a scroll of summoning {unknown}
 i - a scroll of vulnerability {unknown}
 k - 2 scrolls of teleportation {unknown}
 l - a scroll of fog {unknown}
 m - 2 scrolls of blinking {unknown}
 p - a scroll of amnesia {unknown}
 r - 2 scrolls of immolation {unknown}
 t - a scroll of brand weapon {unknown}
 u - 5 scrolls of poison {unknown}
 v - 2 scrolls of identify {unknown}
Potions
 a - a potion of lignification
 f - 2 potions of curing {unknown}
 g - a potion of degeneration {unknown}
 j - a potion of ambrosia {unknown}
 n - a potion of resistance {unknown}
 s - 2 potions of mutation {unknown}
 w - a potion of cancellation {unknown}
 x - a potion of invisibility {unknown}
 z - a potion of brilliance {unknown}


   Skills:
 + Level 3.1 Fighting
 - Level 2.0 Dodging
 + Level 4.4 Unarmed Combat
 * Level 5.1 Shapeshifting


You had 5 spell levels left.
You didn't know any spells.
Your spell library was empty.

Dungeon Overview and Level Annotations

Branches:
Dungeon (4/15)
 Temple: D:4-7

Altars:
Makhleb
Qazlal

Shops:
D:3 (


Innate Abilities, Weirdness & Mutations

You are a hulking beast.
Your limbs bulge with bestial killing power. (Slay +2)
You cannot wear most types of armour.
You are amphibious.
You can wear up to eight rings at the same time.
Your skin changes colour to match your surroundings (Stealth+).
Your rubbery body absorbs attacks. (AC +1, EV +1)
((You are camouflaged when in or above water. (Stealth+)))
You have tentacles for arms and can constrict up to eight enemies at once.


Message History

You take 6 damage, and have 28/42 hp.
The gnoll misses you.
Items here: ))) †††.
You tentacle-slap the gnoll. You grab the gnoll. You squeeze the gnoll.
The gnoll is heavily wounded.
You constrict the gnoll. The gnoll hits you with a +0 spear!
You take 8 damage, and have 20/42 hp.
You tentacle-slap the gnoll.
The gnoll is almost dead.
You constrict the gnoll. The gnoll closely misses you.
You tentacle-slap the gnoll but do no damage.
You squeeze the gnoll.
You kill the gnoll!
You see here a +0 spear.
Found a stone staircase leading down.
Health restored: 42
Found a stone staircase leading down.
An ogre comes into view. It is wielding a +0 giant club.
Found a stone staircase leading up.
The ogre shouts!
An orc comes into view. It is wielding a +0 dagger.
You bludgeon the ogre!
The ogre is moderately wounded.
The ogre closely misses you.
You tentacle-slap the ogre.
The ogre is heavily wounded.
The orc shouts!
You tentacle-slap the ogre. You squeeze the ogre!
The ogre is almost dead.
The ogre hits you with a +0 giant club!!
Ouch! That really hurt!
You take 26 damage, and have 16/42 hp.
MASSIVE DAMAGE!!
You are too injured to fight recklessly!
You tentacle-slap the ogre.
The ogre is almost dead.
You tentacle-slap the ogre.
The ogre is almost dead.
An orc comes into view. It is wielding a +0 flail.
The ogre hits you with a +0 giant club!!
You die...

.....## o##...<.#
........ ....#o....####
....#.....#!.##
..............#
.......>......# ......
#.hO# ......##.######
.##.......##..#
..........#...# ###
####..##......# ####.#
#..>...##..###..#.###
#.......#...........#
....#.....##.###....###
....#.....#....##...#####


You could see an ogre and 2 orcs.

Vanquished Creatures
  A black bear (D:4)
  Terence (D:2)
  An iguana (D:3)
  4 gnolls (D:4)
  6 adders
  4 dart slugs
  An orc (D:4)
  6 ball pythons
  6 endoplasms
  3 giant cockroaches
  10 goblins
  6 hobgoblins
  16 jackals
  6 kobolds
  4 quokkas
  7 bats
  3 frilled lizards
  4 rats
89 creatures vanquished.

Notes
Turn   | Place    | Note
-------+----------+-------------------------------------------
     0 | D:1      | Dirtsage the Octopode Shapeshifter began the quest for the
                  | Orb.
     0 | D:1      | Reached XP level 1. HP: 13/13 MP: 1/1
    77 | D:1      | Reached XP level 2. HP: 17/18 MP: 2/2
   310 | D:1      | Reached XP level 3. HP: 22/23 MP: 3/3
   344 | D:1      | Found a faded altar of an unknown god.
   996 | D:2      | Reached XP level 4. HP: 20/29 MP: 4/4
  1133 | D:2      | Noticed Terence
  1143 | D:2      | Killed Terence
  1144 | D:2      | Reached skill level 4 in Shapeshifting
  1757 | D:3      | Reached XP level 5. HP: 31/34 MP: 5/5
  1875 | D:3      | Found Poutto's Antique Weapon Shoppe.
  1947 | D:3      | Found a stormy altar of Qazlal.
  2289 | D:3      | Found a burning altar of Makhleb.
  2289 | D:3      | Noticed a balrug
  2410 | D:4      | Noticed a black bear
  2415 | D:4      | Killed a black bear
  2416 | D:4      | Reached skill level 5 in Shapeshifting
  2416 | D:4      | Reached XP level 6. HP: 39/42 MP: 6/6
  2560 | D:4      | Slain by an ogre

Illustrated notes

Levels and vault maps discovered:
D:1:      ncdulo_lavacross, layout_loops_ring,
          dilly_ecumenical_altar_fadedgnrine
D:2:      layout_loops_cross, minmay_crystal_water, serial_park_tiny_2,
          uniq_terence
D:3:      layout_basic, grunt_qazlal_clouds, makhleb_altar_promises_db,
          serial_shops, nicolae_shop_behind_doors,
          ebering_dispersal_statue_hall, minmay_circle_x
D:4:      layout_cave_pools, lemuel_zombie_altar_yredelemnul

Skill      XL: |  1  2  3  4  5 |
---------------+----------------+-----
Fighting       | 2 3 |  3.1
Shapeshifting  | 4 5 |  5.1
Unarmed Combat | 4 |  4.4
Dodging        | |  2.0

Action                     |  1- 3 |  4- 6 || total
---------------------------+-------+-------++-------
  Melee: Unarmed           |    82 |    90 ||   172
         Tentacles         |    11 |    20 ||    31
         Constrict         |    20 |    28 ||    48
         Punch             |       |     5 ||     5
  Evoke: Wand              |       |     1 ||     1
   Stab: Sleeping          |     6 |       ||     6
         Distracted        |       |     1 ||     1
 Armour: Skin              |    36 |    36 ||    72
  Dodge: Dodged            |    40 |    60 ||   100

Table legend: (Time is in decaauts)
 A = Elapsed time spent in this place.
 B = Non-inter-level travel time spent in this place.
 C = Inter-level travel time spent in this place.
 D = Time resting spent in this place.
 E = Time spent auto-exploring this place.
 F = Levels seen in this place.
 G = Mean time per level.
                   A        B        C        D        E       F      G
               +--------+--------+--------+--------+--------+-----+--------+
         Total |   2547 |   2447 |    100 |      0 |   2003 |   4 |  636.8 |
       Dungeon |   2547 |   2447 |    100 |      0 |   2003 |   4 |  636.8 |
               +--------+--------+--------+--------+--------+-----+--------+

Top non-repeatable levels by time:
     D:2: 918 daAuts
     D:1: 753 daAuts
     D:3: 654 daAuts
     D:4: 221 daAuts
